 Dungeon Crawl Stone Soup version 0.20.0-4-g10b340a (webtiles) character file.

31692 skittles the Arsonist (level 13, -6/108 HPs)
             Began as a Purple Draconian Fire Elementalist on May 27, 2017.
             Was an Elder of Vehumet.
             Mangled by a five-headed hydra (7 damage)
             ... on level 3 of the Lair of Beasts.
             The game lasted 01:01:26 (19787 turns).

skittles the Arsonist (DrFE)                       Turns: 19787, Time: 01:01:27

Health: -6/108     AC: 12    Str: 15    XL:     13   Next: 27%
Magic:  20/28      EV: 15    Int: 19    God:    Vehumet [****..]
Gold:   826        SH:  2    Dex: 12    Spells: 8/34 levels left

rFire    + + +     SeeInvis .   R - +9 trident of Dissolution {pierce, rF+ Str+3 Stlth+}
rCold    x . .     Gourm    .   (no shield)
rNeg     . . .     Faith    .   (armour unavailable)
rPois    .         Spirit   .   (helmet restricted)
rElec    .         Reflect  +   K - +0 cloak
rCorr    .         Harm     .   (no gloves)
MR       +....                  r - +2 pair of boots
Stlth    +++.......             h - +2 amulet of reflection
Regen    0.3/turn               w - ring of fire
MPRegen  0.3/turn               y - ring of protection from fire

@: no status effects
A: breathe power, unfitting armour, cold-blooded, AC +8
a: Breathe Dispelling Energy, Renounce Religion


You were on level 3 of the Lair of Beasts.
You worshipped Vehumet.
Vehumet was greatly pleased with you.
You were hungry.

You visited 3 branches of the dungeon, and saw 16 of its levels.
You visited 1 bazaar.

You collected 903 gold pieces.
You spent 77 gold pieces at shops.

Inventory:

Hand Weapons
 R - the +9 trident of Dissolution (weapon) {pierce, rF+ Str+3 Stlth+}
   (You found it on level 10 of the Dungeon)

   It inflicts extra damage upon your enemies.
   It affects your strength (+3).
   It protects you from fire.
   It makes you more stealthy.
Armour
 r - a +2 pair of boots (worn)
 K - a +0 cloak (worn)
Jewellery
 h - a +2 amulet of reflection (around neck)
 k - an uncursed amulet of the gourmand
 v - an uncursed amulet of rage
 w - a ring of fire (left hand)
 y - a ring of protection from fire (right hand)
 I - an uncursed amulet of regeneration
Wands
 a - a wand of iceblast (1/15)
 s - a wand of confusion (24/48)
 x - a wand of polymorph (10/24)
Scrolls
 b - a scroll of silence {unknown}
 g - 9 scrolls of remove curse
 i - 4 scrolls of blinking
 j - a scroll of amnesia
 l - a scroll of fear
 m - 4 scrolls of teleportation
 o - a scroll of magic mapping
 p - 2 scrolls of identify
 A - 3 scrolls of fog
Potions
 e - a potion of flight
 n - a potion of resistance {unknown}
 q - 2 potions of berserk rage
 t - 2 potions of might
 u - 5 potions of curing
 C - 6 potions of brilliance
 D - a potion of agility
 E - a potion of ambrosia {unknown}
 L - 2 potions of cancellation
 M - 2 potions of invisibility
Miscellaneous
 z - a lamp of fire
Comestibles
 d - 6 royal jellies
 f - 9 meat rations
 B - 8 fruits
 F - 6 chunks of flesh


   Skills:
 + Level 8.3 Fighting
 - Level 3.5 Polearms
 + Level 7.0 Dodging
 - Level 1.7 Stealth
 + Level 11.0 Spellcasting
 + Level 12.2 Conjurations
 + Level 12.5 Fire Magic


You had 8 spell levels left.
You knew the following spells:

 Your Spells              Type           Power        Failure   Level  Hunger
a - Flame Tongue          Conj/Fire      #####        1%          1    None
b - Conjure Flame         Conj/Fire      ######..     1%          3    None
c - Sticky Flame          Conj/Fire      ######..     1%          4    ##.....
d - Fireball              Conj/Fire      ######....   1%          5    ####...
e - Throw Frost           Conj/Ice       ####..       1%          2    None
f - Magic Dart            Conj           ####         1%          1    None
g - Iskenderun's Battles  Conj/Chrm      ####....     4%          5    ####...
h - Bolt of Magma         Conj/Fire/Erth ######....   1%          5    ####...


Dungeon Overview and Level Annotations

Branches:
Dungeon (12/15)            Temple (1/1) D:4            Lair (3/6) D:10
    Orc (0/2) D:12
  Swamp: Lair:2-4    Shoals: Lair:2-4     Snake: Lair:2-4    Spider: Lair:2-4

Altars:
Ashenzari
Cheibriados
Dithmenos
Elyvilon
Fedhas
Gozag
Hepliaklqana
Kikubaaqudgha
Makhleb
Qazlal
Ru
Sif Muna
Trog
Vehumet
Xom
Yredelemnul
Zin
The Shining One


Innate Abilities, Weirdness & Mutations

You can breathe bolts of dispelling energy.
Your rich purple scales are hard. (AC +8)
You cannot fit into any form of body armour.
You are cold-blooded and may be slowed by cold attacks.


Message History

The five-headed hydra barely misses you.
The five-headed hydra bites you.
* * * LOW HITPOINT WARNING * * *
The five-headed hydra is engulfed in a cloud of scalding steam.
You enter the shallow water.
Moving in this stuff is going to be slow.
The five-headed hydra bites you but does no damage.
The five-headed hydra closely misses you.
The five-headed hydra barely misses you.
The five-headed hydra bites you!
* * * LOW HITPOINT WARNING * * *
The five-headed hydra barely misses you.
You feel much better. The five-headed hydra bites you!
* * * LOW HITPOINT WARNING * * *
The five-headed hydra bites you!
* * * LOW HITPOINT WARNING * * *
The five-headed hydra bites you.
* * * LOW HITPOINT WARNING * * *
The five-headed hydra bites you!
You die...

...≈≈≈≈.........##P.....≈.≈≈.P...
...≈##≈......†.......##.#≈≈≈≈#...
...≈#≈≈........P......#.#≈≈≈≈....
...≈≈≈≈.......#PP.#......≈≈≈≈≈...
...≈≈≈≈......P#..##......≈≈≈≈≈...
...≈≈≈≈......##..###..#.###.##...
...≈≈≈≈......##P.###....#....#...
..............#....#..#..........
..<.....#.......@.....#.#........
............≈≈≈≈D.......#........
............≈≈≈#≈......##.....#.#
............≈≈##≈....#..........#
......#.....≈≈§#≈...#......###...
..........#.≈§≈≈≈.##..#.##....#.#
.........#........#..#...........
#..##........#....#..#...8...8...
†÷#..................#.....<.....


You could see a five-headed hydra.

Vanquished Creatures
  4 hydras
  Harold (D:12)
  A yaktaur captain (D:11)
  Fannar (D:10)
  A centaur warrior (D:12)
  2 two-headed ogres
  3 death yaks (D:10)
  Urug (D:11)
  An unseen horror (shapeshifter) (D:10)
  3 ugly things
  Maurice (D:9)
  3 black mambas
  An ice statue (D:12)
  4 spiny frogs
  3 gargoyles
  4 centaur skeletons (D:12)
  3 komodo dragons
  A kobold demonologist (D:11)
  2 ice devils (Lair:2)
  3 trolls
  6 blink frogs (Lair:3)
  5 hippogriffs
  A shadow (D:12)
  A wraith (D:12)
  A spriggan (D:7)
  12 yaks
  A basilisk (Lair:3)
  7 wyverns
  A fire elemental (Lair:3)
  A vampire mosquito (D:11)
  A hungry ghost (D:10)
  7 porcupines
  4 water moccasins
  3 orc warriors
  6 sky beasts
  A black bear (D:11)
  3 ice beasts
  2 phantoms
  A necrophage (D:6)
  5 boggarts (D:11)
  3 ogres
  4 wolves
  3 centaurs
  A big kobold (D:8)
  13 bullfrogs
  2 wyvern skeletons
  10 killer bees
  10 wights
  5 howler monkeys
  An electric eel (Lair:1)
  4 crimson imps
  3 centaur zombies
  2 lava snakes
  A quasit (D:9)
  3 bullfrog zombies
  9 hounds
  4 jellies
  4 bullfrog skeletons
  7 orc priests
  6 iguanas
  Terence (D:2)
  14 orc wizards
  2 hell rats (D:10)
  10 worker ants
  A hound zombie (D:8)
  2 hound skeletons
  A worker ant zombie (D:9)
  4 gnolls (D:6)
  17 adders
  2 river rats (D:10)
  An adder skeleton (D:9)
  An adder zombie (D:4)
  2 worms
  A dart slug (D:3)
  3 leopard geckos
  47 orcs
  3 giant cockroaches
  11 goblins
  5 hobgoblins
  18 jackals
  10 kobolds
  6 quokkas
  13 bats
  4 frilled lizards (D:2)
  2 leopard gecko skeletons
  A quokka skeleton (D:4)
  13 rats
402 creatures vanquished.

Vanquished Creatures (others)
  A fungus (Lair:3)
  2 plants (Lair:3)
3 creatures vanquished.

Grand Total: 405 creatures vanquished

Notes
Turn   | Place    | Note
-------+----------+-------------------------------------------
     0 | D:1      | skittles the Draconian Fire Elementalist began the quest for the Orb.
     0 | D:1      | Reached XP level 1. HP: 14/14 MP: 3/3
   243 | D:1      | Reached XP level 2. HP: 15/20 MP: 5/5
   968 | D:2      | Reached XP level 3. HP: 26/26 MP: 2/6
  1622 | D:2      | Noticed Terence
  1640 | D:2      | Killed Terence
  1640 | D:2      | Reached XP level 4. HP: 27/33 MP: 0/7
  2531 | D:3      | Reached XP level 5. HP: 38/38 MP: 1/8
  2764 | D:3      | Reached skill level 5 in Fire Magic
  3095 | D:3      | Reached XP level 6. HP: 34/45 MP: 0/9
  3402 | D:3      | Found a faded altar of an unknown god.
  3532 | D:3      | Found an ancient bone altar of Kikubaaqudgha.
  3625 | D:4      | Found a staircase to the Ecumenical Temple.
  3676 | Temple   | Entered the Ecumenical Temple
  3746 | Temple   | Became a worshipper of Vehumet
  4080 | D:4      | Found a shattered altar of Ashenzari.
  4341 | D:5      | Entered Level 5 of the Dungeon
  4433 | D:5      | Reached skill level 5 in Conjurations
  4436 | D:5      | Your scales start taking on a rich purple colour.
  4436 | D:5      | Reached XP level 7. HP: 43/50 MP: 2/10
  4942 | D:5      | Found a stormy altar of Qazlal.
  4995 | D:5      | Reached * piety under Vehumet
  4995 | D:5      | Offered knowledge of Magic Dart by Vehumet.
  5022 | D:5      | Found a snail-covered altar of Cheibriados.
  5046 | D:5      | Found a shimmering altar of Xom.
  5348 | D:5      | Found a shadowy altar of Dithmenos.
  5646 | D:6      | Learned a level 3 spell: Conjure Flame
  5651 | D:6      | Learned a level 4 spell: Sticky Flame
  5653 | D:6      | Learned a level 1 spell: Magic Dart
  5670 | D:6      | Found a basalt altar of Yredelemnul.
  5728 | D:6      | Found a sacrificial altar of Ru.
  5773 | D:6      | Reached XP level 8. HP: 19/57 MP: 5/11
  6109 | D:6      | Found a white marble altar of Elyvilon.
  6516 | D:6      | Found a burning altar of Makhleb.
  6527 | D:6      | Offered knowledge of Throw Frost by Vehumet.
  6666 | D:6      | Learned a level 2 spell: Throw Frost
  6685 | D:7      | Found an opulent altar of Gozag.
  6685 | D:7      | Found a glowing silver altar of Zin.
  6708 | D:7      | Reached ** piety under Vehumet
  7694 | D:7      | Reached XP level 9. HP: 37/62 MP: 13/13
  8704 | D:8      | Offered knowledge of Mephitic Cloud by Vehumet.
  9249 | D:8      | Reached *** piety under Vehumet
  9351 | D:8      | Learned a level 5 spell: Fireball
  9359 | D:8      | Reached skill level 5 in Spellcasting
  9896 | D:9      | Noticed Maurice
  9909 | D:9      | Killed Maurice
  9911 | D:9      | Reached skill level 10 in Fire Magic
 10200 | D:9      | Reached XP level 10. HP: 69/69 MP: 16/19
 10203 | D:9      | Offered knowledge of Airstrike by Vehumet.
 10471 | D:9      | Found a bloodstained altar of Trog.
 10471 | D:9      | Found a blossoming altar of Fedhas.
 10519 | D:9      | Noticed a two-headed ogre
 10530 | D:9      | Killed a two-headed ogre
 10530 | D:9      | Reached skill level 10 in Conjurations
 11190 | D:10     | Entered Level 10 of the Dungeon
 11190 | D:10     | Noticed Fannar
 11327 | D:10     | Killed Fannar
 11327 | D:10     | Reached skill level 1 in Fighting
 11491 | D:10     | Noticed a death yak
 11495 | D:10     | Found a staircase to the Lair.
 11502 | D:10     | HP: 2/74 [death yak (28)]
 11503 | D:10     | Killed a death yak
 11627 | D:10     | Noticed a death yak
 11627 | D:10     | Noticed a death yak
 11768 | D:10     | Reached **** piety under Vehumet
 11868 | D:10     | Killed a death yak
 11868 | D:10     | Reached XP level 11. HP: 44/82 MP: 11/23
 11873 | D:10     | Killed a death yak
 12147 | D:10     | Noticed an unseen horror
 12151 | D:10     | Killed an unseen horror
 12284 | D:10     | Offered knowledge of Iskenderun's Battlesphere by Vehumet.
 12316 | D:10     | You fall through a shaft for 2 floors!
 12487 | D:12     | Got a steaming dagger
 12488 | D:12     | Identified the +6 dagger of Did Pofa {pain, *Drain +Fly rC+ Dex+4} (You found it on level 12 of the Dungeon)
 12819 | D:12     | Found a staircase to the Orcish Mines.
 13205 | D:11     | Noticed a brown ugly thing
 13215 | D:11     | Noticed a cyan ugly thing
 13270 | D:10     | Got a transparent trident
 13271 | D:10     | Identified the +9 trident of Dissolution {pierce, rF+ Str+3 Stlth+} (You found it on level 10 of the Dungeon)
 13544 | D:10     | Learned a level 5 spell: Iskenderun's Battlesphere
 13701 | D:11     | Reached skill level 5 in Fighting
 13712 | D:11     | Reached skill level 1 in Polearms
 13836 | D:11     | Noticed Urug
 13853 | D:11     | Killed Urug
 13910 | D:11     | Reached ***** piety under Vehumet
 14156 | D:11     | Killed a brown ugly thing
 14156 | D:11     | Offered knowledge of Bolt of Magma by Vehumet.
 14160 | D:11     | Killed a brown ugly thing
 14167 | D:11     | Learned a level 5 spell: Bolt of Magma
 14297 | D:11     | Reached skill level 5 in Dodging
 14329 | D:11     | Reached XP level 12. HP: 33/95 MP: 19/25
 14552 | D:11     | Noticed a four-headed hydra
 14562 | D:11     | Killed a four-headed hydra
 14851 | D:11     | Found a bloodstained altar of Trog.
 15094 | D:11     | Found a burning altar of Makhleb.
 15131 | D:11     | Noticed a yaktaur captain
 15407 | D:11     | Killed a yaktaur captain
 15763 | D:12     | Noticed Harold
 15782 | D:12     | Killed Harold
 16016 | D:12     | Found a gateway to a bazaar.
 16016 | D:12     | Noticed a two-headed ogre
 16031 | D:12     | Killed a two-headed ogre
 16031 | D:12     | Reached skill level 10 in Spellcasting
 16091 | Bazaar   | Entered a bazaar
 16093 | Bazaar   | Found Pecaq's Book Boutique.
 16097 | Bazaar   | Found Huxofuo's Book Boutique.
 16097 | Bazaar   | Found Lonwyilu's Jewellery Boutique.
 16098 | Bazaar   | Found Laxuboh's General Store.
 16136 | Bazaar   | Bought a potion of heal wounds for 55 gold pieces
 16136 | Bazaar   | Bought a scroll of identify for 22 gold pieces
 16402 | D:12     | Noticed a centaur warrior
 16418 | D:12     | Killed a centaur warrior
 16681 | Lair:1   | Entered Level 1 of the Lair of Beasts
 16876 | Lair:1   | HP: 5/100 [poisoned by a spiny frog]
 16884 | Lair:1   | HP: 5/100 [poisoned by a spiny frog]
 16892 | Lair:1   | HP: 5/100 [poisoned by a spiny frog]
 18124 | Lair:2   | Noticed a seven-headed hydra
 18131 | Lair:2   | Killed a seven-headed hydra
 18445 | Lair:2   | Found a frozen archway.
 18472 | Lair:2   | Reached XP level 13. HP: 107/107 MP: 4/27
 19787 | Lair:3   | HP: 5/108 [five-headed hydra (15)]
 19787 | Lair:3   | HP: 1/108 [five-headed hydra (4)]
 19787 | Lair:3   | Mangled by a five-headed hydra

Skill      XL: |  1  2  3  4  5  6  7  8  9 10 11 12 13 |
---------------+----------------------------------------+-----
Conjurations   | 2 3 4 5 6 8 9 10 11 12 | 12.2
Fire Magic     | 4 5 6 7 8 10 11 12 | 12.5
Spellcasting   | 6 8 9 10 11 | 11.0
Fighting       | 3 5 7 8 |  8.3
Dodging        | 3 5 6 7 |  7.0
Polearms       | 2 3 |  3.5
Stealth        | |  1.7

Action                   |  1- 3 |  4- 6 |  7- 9 | 10-12 | 13-15 || total
-------------------------+-------+-------+-------+-------+-------++-------
Melee: Dagger            |    73 |       |       |       |       ||    73
       Unarmed           |     5 |       |       |       |       ||     5
       Tailslap          |    14 |    18 |    33 |    45 |     6 ||   116
       Whip              |    38 |   120 |       |       |       ||   158
       Hand axe          |       |    48 |       |       |       ||    48
       Trident           |       |       |   325 |   364 |    85 ||   774
       Demon whip        |       |       |       |    98 |       ||    98
 Cast: Flame Tongue      |    32 |    69 |   147 |   290 |    36 ||   574
       Sticky Flame      |       |       |    10 |    59 |    10 ||    79
       Conjure Flame     |       |       |     3 |    19 |     2 ||    24
       Throw Frost       |       |       |       |    11 |       ||    11
       Fireball          |       |       |       |     4 |       ||     4
       Magic Dart        |       |       |       |     1 |       ||     1
       Iskenderun's Batt |       |       |       |     2 |       ||     2
       Bolt of Magma     |       |       |       |     3 |       ||     3
 Abil: Breathe Dispellin |       |       |       |     8 |       ||     8
  Use: Potion            |     1 |     3 |       |     2 |     1 ||     7
       Scroll            |       |     2 |       |    21 |       ||    23
 Stab: Sleeping          |     2 |     1 |     7 |     9 |       ||    19
       Distracted        |       |       |       |     1 |       ||     1
  Eat: Chunk             |    11 |     8 |    21 |    31 |     4 ||    75
       Fruit             |       |       |     1 |     1 |       ||     2
       Royal jelly       |       |       |       |     2 |       ||     2
Armor: Skin              |    70 |    91 |   161 |   277 |    39 ||   638
Dodge: Dodged            |   106 |   157 |   267 |   439 |    84 ||  1053
Block: Other             |       |       |       |     5 |     4 ||     9
